 Dungeon Crawl Stone Soup version 0.26.1-11-gd32895ea62 (webtiles) character file.

Game seed: 17624623811167719611

349 Kangaroobicon the Cudgeller (level 6, -1/59 HPs)
             Began as a Troll Warper on July 10, 2021.
             Was a Follower of Qazlal.
             Slain by an ice beast (7 damage)
             ... on level 5 of the Dungeon on Aug 7, 2021.
             The game lasted 01:13:49 (4329 turns).

Kangaroobicon the Cudgeller (Troll Warper)          Turns: 4329, Time: 01:13:50

Health: -1/59      AC: 13    Str: 20    XL:     6   Next: 33%
Magic:  7/7        EV: 10    Int:  9    God:    Qazlal [*.....]
Gold:   273        SH:  2    Dex: 11    Spells: 7/7 levels left

rFire    . . .     SeeInvis .   L - +2 mace (protect)
rCold    . . .     Faith    .   (no shield)
rNeg     . . .     Spirit   .   b - +0 robe
rPois    .         Reflect  .   (helmet restricted)
rElec    .         Harm     .   (no cloak)
rCorr    .         Rampage  .   (gloves unavailable)
Will     .....                  (boots unavailable)
Stlth    +.........             (no amulet)
HPRegen  0.59/turn              (no ring)
MPRegen  0.10/turn              (no ring)

@: protection aura
A: large, unfitting armour, claws 3, regeneration 1, shaggy fur 1, tough skin 3
a: Renounce Religion


You were on level 5 of the Dungeon.
You worshipped Qazlal.
Qazlal was aware of your devotion.
You visited 1 branch of the dungeon, and saw 5 of its levels.

You collected 273 gold pieces.

Inventory:

Hand Weapons
 i - the +3 whip "Hydraslayer" {drain, rPois Int+4, unknown}
   (You found it on level 4 of the Dungeon)

   A truly terrible weapon, it drains the life of those it strikes.
   It affects your intelligence (+4).
   It protects you from poison.
 m - a +0 mace
 s - a +0 spear
 u - a +2 dagger of venom
 B - a +0 rapier
 C - a +0 hunting sling
 D - a +0 dagger
 E - a +1 short sword of holy wrath
 F - a +0 hand axe
 H - a +0 dagger
 I - a +0 spear
 K - a +0 whip
 L - a +2 mace of protection (weapon)
 N - a +0 short sword
 O - a +0 spear
 Q - a +0 dagger
 S - a +0 spear
 T - a +2 dagger of pain
Missiles
 k - 79 bolts
 l - 72 arrows
 p - 26 poisoned darts (quivered)
 r - 219 stones
 Y - 6 atropa-tipped darts
Armour
 b - a +0 robe (worn)
 c - a +0 ring mail
 h - a +0 robe
 z - a +0 pair of gloves
 G - a +0 chain mail
 J - a +0 leather armour
 M - a cursed +0 robe
 W - a +0 chain mail
 Z - a +0 ring mail
Magical Staves
 g - a cursed staff of conjuration {unknown}
Jewellery
 U - an uncursed amulet of magic regeneration {unknown}
Wands
 X - a wand of iceblast (10)
Scrolls
 d - a scroll of blinking
 f - 9 scrolls of identify {unknown}
 j - 2 scrolls of remove curse {unknown}
 n - 3 scrolls of enchant weapon {unknown}
 o - a scroll of fog {unknown}
 t - 2 scrolls of teleportation {unknown}
 w - 3 scrolls of enchant armour {unknown}
 x - a scroll of noise {unknown}
 y - a scroll of brand weapon {unknown}
 A - 3 scrolls of fear {unknown}
 R - 2 scrolls of magic mapping {unknown}
Potions
 a - a potion of brilliance {unknown}
 e - 2 potions of curing {unknown}
 q - 2 potions of magic {unknown}
 v - 2 potions of might
 P - 3 potions of flight {unknown}
 V - a potion of mutation {unknown}


   Skills:
 + Level 2.4 Fighting
 + Level 4.5 Maces & Flails
 + Level 0.8 Throwing
 + Level 3.1 Dodging
 + Level 0.2 Stealth
 + Level 1.4 Spellcasting
 + Level 2.6 Translocations


You had 7 spell levels left.
You didn't know any spells.
Your spell library contained the following spells:

 Spells                   Type           Power        Failure   Level
 Blink                    Tloc           N/A          19%         2
 Gell's Gravitas          Tloc           2%           36%         3
 Lesser Beckoning         Tloc           2%           36%         3
 Teleport Other           Tloc           5%           36%         3
 Passage of Golubria      Tloc           N/A          77%         4


Dungeon Overview and Level Annotations

Branches:
Dungeon (5/15)
 Temple: D:4-7

Altars:
Qazlal


Innate Abilities, Weirdness & Mutations

You are too large for most types of armour.
You have claws for hands.
Your natural rate of healing is unusually fast.
You are covered in fur. (AC +1)
You have extremely tough skin. (AC +3)


Message History

You hit the ice beast but do no damage.
The ice beast is heavily wounded.
You block the ice beast's attack. The ice beast hits you.
The ice beast freezes you!
* * * LOW HITPOINT WARNING * * *
You hit the ice beast but do no damage.
The ice beast is heavily wounded.
The ice beast hits you but does no damage.
You closely miss the ice beast.
The ice beast is heavily wounded.
The ice beast hits you.
* * * LOW HITPOINT WARNING * * *
The ice beast freezes you!
* * * LOW HITPOINT WARNING * * *
You barely miss the ice beast.
The ice beast is heavily wounded.
The ice beast hits you.
* * * LOW HITPOINT WARNING * * *
The ice beast freezes you!
You die...

##.# #.# ...# #.#
#### #.# ######.#
.......# # .#######
#.###### ...#
#).....#### ##.#
#...°(.$# #.# #@Y#
#.#############.#.#
##.............#.#.#
#######..........<.#
# #.######...#.# ##
#.# #...#.# .# #.#
#.#.# # .# #.# #.#.#
.# #.# #.#..


You could see an ice beast.

Vanquished Creatures
  An ogre (D:3)
  A bullfrog zombie (D:5)
  A bullfrog skeleton (D:4)
  Ijyb (D:3)
  3 worker ants
  An adder (D:4)
  4 dart slugs
  4 leopard geckos
  7 orcs
  2 ball pythons
  2 giant cockroaches
  6 hobgoblins
  5 jackals
  8 kobolds
  2 quokkas
  8 bats
  3 frilled lizards
  14 goblins
  6 rats
79 creatures vanquished.

Vanquished Creatures (others)
  2 plants (D:2)
2 creatures vanquished.

Grand Total: 81 creatures vanquished

Notes
Turn   | Place    | Note
-------+----------+-------------------------------------------
     0 | D:1      | Kangaroobicon the Troll Warper began the quest for the Orb.
     0 | D:1      | Reached XP level 1. HP: 19/19 MP: 1/1
   121 | D:1      | Reached XP level 2. HP: 27/27 MP: 2/2
   390 | D:1      | Reached skill level 2 in Maces & Flails
   666 | D:1      | Reached XP level 3. HP: 22/35 MP: 4/4
  1323 | D:2      | Found a stormy altar of Qazlal.
  1407 | D:2      | Became a worshipper of Qazlal Stormbringer
  2257 | D:3      | Reached XP level 4. HP: 42/42 MP: 5/5
  2519 | D:3      | Reached * piety under Qazlal
  2526 | D:3      | Noticed Ijyb
  2580 | D:3      | Killed Ijyb
  2623 | D:3      | Noticed an ogre
  2633 | D:3      | Reached skill level 3 in Maces & Flails
  2633 | D:3      | Killed an ogre
  2634 | D:3      | Reached XP level 5. HP: 15/50 MP: 6/6
  3226 | D:4      | Got a twisted whip
  3365 | D:4      | Reached skill level 4 in Maces & Flails
  3365 | D:4      | Reached XP level 6. HP: 59/59 MP: 7/7
  3708 | D:5      | Entered Level 5 of the Dungeon
  4318 | D:5      | Noticed an ice beast
  4329 | D:5      | Slain by an ice beast

Illustrated notes

Levels and vault maps discovered:
D:1:      wander_arrival_chamber, layout_basic
D:2:      layout_basic, serial_forest, infiniplex_forest_lined_2,
          infiniplex_forest_lined_2, infiniplex_forest_clump_large,
          infiniplex_forest_fountain, infiniplex_forest_corner_1,
          grunt_qazlal_sundering
D:3:      layout_basic, minmay_misc_feat_iff, grunt_ministairs_3, uniq_ijyb
D:4:      minmay_razor_zed, layout_cave_pools, roderic_roman_lattice,
          supply_closet_lemuel, kennysheep_generic_room_8
D:5:      layout_basic, lemuel_coloured_pillars_altar

Skill      XL: |  1  2  3  4  5 |
---------------+----------------+-----
Dodging        | 2 3 |  3.1
Maces & Flails | 2 3 4 |  4.5
Fighting       | 2 |  2.4
Throwing       | |  0.8
Stealth        | |  0.2
Spellcasting   | |  1.4
Translocations | |  2.6

Action                   |  1- 3 |  4- 6 || total
-------------------------+-------+-------++-------
Melee: Mace              |   196 |   145 ||   341
Throw: Boomerang         |       |     5 ||     5
       Dart              |       |    11 ||    11
  Use: Potion            |       |     1 ||     1
Armor: Robe              |    94 |    61 ||   155
Dodge: Dodged            |   128 |    65 ||   193
Block: Other             |       |     5 ||     5
